 Dungeon Sprint DCSS version 0.27.1-33-g824d729ab1 (webtiles) character file.

Game seed: 15184038840955066403

617 Adenis the Cleaver (level 7, -2/112 HPs)
             Began as a Minotaur Berserker on Dec 6, 2021.
             Was a Priest of Trog.
             Slain by a centaur warrior (9 damage)
             ... in the Dungeon (Sprint I: "Red Sonja").
             The game lasted 00:01:53 (1237 turns).

Adenis the Cleaver (Minotaur Berserker)             Turns: 1237, Time: 00:01:53

Health: -2/112     AC:  6    Str: 23    XL:     7   Next: 21%
Magic:  6/6        EV: 13    Int:  4    God:    Trog [***...]
Gold:   156        SH:  0    Dex: 10    Spells: 6/6 levels left

rFire    . . .     SeeInvis .   a - +0 hand axe
rCold    . . .     Faith    .   (no shield)
rNeg     . . .     Spirit   .   b - +0 animal skin
rPois    .         Reflect  .   (helmet restricted)
rElec    .         Harm     .   (no cloak)
rCorr    .         Rampage  .   (no gloves)
Will     .....     NoTele   +   (no boots)
Stlth    ..........             (no amulet)
HPRegen  0.28/turn              j - +4 ring of protection
MPRegen  0.10/turn              (no ring)

@: berserking, very quick
A: horns 2, retaliatory headbutt
a: Renounce Religion, Berserk, Trog's Hand


You were in the Dungeon.
You worshipped Trog.
Trog was most pleased with you.
You visited 1 branch You collected 306 gold pieces.
You spent 150 gold pieces at shops.

Inventory:

Hand Weapons
 a - a +0 hand axe (weapon)
Armour
 b - a +0 animal skin (worn)
Jewellery
 j - a +4 ring of protection (left hand)
Wands
 i - a wand of digging (4)
Scrolls
 h - 3 scrolls of blinking
Potions
 c - 2 potions of curing
 d - a potion of heal wounds
 e - a potion of haste
 f - 2 potions of magic
 g - a potion of berserk rage


   Skills:
 + Level 11.8 Fighting
 + Level 12.2 Axes
 + Level 6.4 Armour
 + Level 5.9 Dodging
 + Level 0.5 Stealth


You had 6 spell levels left.
You didn't know any spells.
Your spell library was empty.

Dungeon Overview and Level Annotations

Branches:
Dungeon (1/1)

Altars:
Cheibriados
Dithmenos
Elyvilon
Fedhas
Gozag
Hepliaklqana
Kikubaaqudgha
Makhleb
Nemelex Xobeh
Okawaru
Qazlal
Ru
Sif Muna
Trog
Uskayaw
Vehumet
Wu Jian
Xom
Yredelemnul
Zin
The Shining One
Jiyva
Lugonu

Shops:
D ?


Innate Abilities, Weirdness & Mutations

You have a pair of horns on your head.
You reflexively headbutt those who attack you in melee.


Message History

Moving in this stuff is going to be slow.
A centaur warrior comes into view.
The centaur warrior moves out of view.
As you open the door, it creaks loudly!
You hear a shout!
A centaur warrior comes into view.
Found a twisted whip, a sapphire potion, 9 gold pieces and a glowing rapier.
Found a scroll labelled VEOPTE HAPA WORA.
The centaur warrior hits you! The centaur warrior kicks you.
There is an open door, spattered with blood here.
The centaur warrior wields a +0 longbow.
The centaur warrior shoots an arrow.
The arrow hits you!
The centaur warrior wields a +0 longbow.
The centaur warrior shoots an arrow.
The arrow hits you!
You see here the +9 whip of the Mushroom {drain, Int+6}.
Unknown command.
You close the door.
A centaur warrior opens the door.
The centaur warrior shoots an arrow.
The arrow hits you!
You hit the centaur warrior.
The centaur warrior is lightly wounded.
The centaur warrior unwields a +0 longbow.
The centaur warrior hits you.
* * * LOW HITPOINT WARNING * * *
The centaur warrior barely misses you.
A red film seems to cover your vision as you go berserk!
You feel yourself moving faster!
You feel mighty! The centaur warrior hits you.
* * * LOW HITPOINT WARNING * * *
The centaur warrior completely misses you.
You slash the centaur warrior!
The centaur warrior is moderately wounded.
The centaur warrior unwields a +0 longbow.
The centaur warrior hits you!
* * * LOW HITPOINT WARNING * * *
The centaur warrior kicks you.
* * * LOW HITPOINT WARNING * * *
There is an open door, spattered with blood here.
You hit the centaur warrior.
The centaur warrior is moderately wounded.
You hit the centaur warrior but do no damage.
The centaur warrior hits you!
You die...

##################
<.#..)..#..'..#__#
..').#..').#..'..+
..#####'#####'#__####
..####..#...#.####=)
..#__####..##§#≈§§§§#
..#_____##'#§§§≈§§§.+
⌠⌠#_.∩...'..._#§c§..#
###_..__##_.#'##@####
#_____###+#(#?)c$#
####### ####+###


You could see 2 centaur warriors.

Vanquished Creatures
  A slime creature (D)
  Sigmund (D)
  A yak (D)
  An ogre (D)
  A jelly (D)
  Ijyb (D)
6 creatures vanquished.

Vanquished Creatures (others)
  A gargoyle (D)
1 creature vanquished.

Grand Total: 7 creatures vanquished

Notes
Turn   | Place    | Note
-------+----------+-------------------------------------------
     0 | D        | Adenis the Minotaur Berserker began the quest for the Orb.
     0 | D        | Reached XP level 1. HP: 19/19 MP: 0/0
     2 | D        | Noticed Ijyb
     6 | D        | Killed Ijyb
     7 | D        | Reached skill level 5 in Fighting
     7 | D        | Reached skill level 5 in Axes
     7 | D        | Reached XP level 2. HP: 29/29 MP: 1/1
   236 | D        | Noticed an ogre
   240 | D        | Killed an ogre
   241 | D        | Reached skill level 7 in Axes
   241 | D        | Reached XP level 3. HP: 40/40 MP: 2/2
   241 | D        | Reached XP level 4. HP: 48/48 MP: 3/3
   366 | D        | Killed a gargoyle
   420 | D        | Noticed Sigmund
   427 | D        | Killed Sigmund
   427 | D        | Reached ** piety under Trog
   428 | D        | Reached skill level 10 in Axes
   428 | D        | Reached skill level 5 in Armour
   428 | D        | Reached XP level 5. HP: 58/58 MP: 4/4
   428 | D        | Reached XP level 6. HP: 66/66 MP: 5/5
   589 | D        | Found an ornate altar of the Wu Jian Council.
   589 | D        | Found a shimmering blue altar of Sif Muna.
   591 | D        | Found a radiant altar of Vehumet.
   597 | D        | Reached skill level 10 in Fighting
   748 | D        | Found Iromus's Magic Scroll Emporium.
   748 | D        | Found an ancient bone altar of Kikubaaqudgha.
   748 | D        | Found a hazy altar of Hepliaklqana.
   748 | D        | Found a stormy altar of Qazlal.
   748 | D        | Found a hide-covered altar of Uskayaw.
   748 | D        | Found a blossoming altar of Fedhas.
   748 | D        | Found a bloodstained altar of Trog.
   748 | D        | Found an iron altar of Okawaru.
   748 | D        | Found a basalt altar of Yredelemnul.
   748 | D        | Found a glowing golden altar of the Shining One.
   748 | D        | Found a snail-covered altar of Cheibriados.
   748 | D        | Found a sacrificial altar of Ru.
   748 | D        | Found a glowing silver altar of Zin.
   748 | D        | Found a shadowy altar of Dithmenos.
   748 | D        | Found a white marble altar of Elyvilon.
   748 | D        | Noticed a yak
   753 | D        | Killed a yak
   754 | D        | Reached skill level 11 in Axes
   754 | D        | Reached skill level 5 in Dodging
   754 | D        | Found an opulent altar of Gozag.
   755 | D        | Found a sparkling altar of Nemelex Xobeh.
   759 | D        | Bought a scroll of blinking for 75 gold pieces
   759 | D        | Bought a scroll of blinking for 75 gold pieces
   992 | D        | Found a burning altar of Makhleb.
   992 | D        | Found a viscous altar of Jiyva.
   992 | D        | Found a shimmering altar of Xom.
   992 | D        | Found a corrupted altar of Lugonu.
   992 | D        | Noticed a slime creature
  1001 | D        | Killed a slime creature
  1001 | D        | Reached *** piety under Trog
  1002 | D        | Reached skill level 12 in Axes
  1002 | D        | Reached XP level 7. HP: 69/75 MP: 6/6
  1228 | D        | Noticed a centaur warrior
  1229 | D        | Noticed a centaur warrior
  1231 | D        | Identified the +9 whip of the Mushroom {drain, Int+6}
  1237 | D        | Slain by a centaur warrior

Illustrated notes

Levels and vault maps discovered:
D:        dungeon_sprint_1 [red_sonja_temple_1, red_sonja_temple_small_1]

Skill      XL: |  1  2  3  4  5  6 |
---------------+-------------------+-----
Fighting       | 5 7 9 11 | 11.8
Axes           | 5 7 10 12 | 12.2
Armour         | 3 4 5 6 |  6.4
Dodging        | 3 4 5 |  5.9
Stealth        | |  0.5

Action                   |  1- 3 |  4- 6 |  7- 9 || total
-------------------------+-------+-------+-------++-------
Melee: Hand axe          |     5 |    19 |     3 ||    27
       Headbutt          |     4 |     4 |       ||     8
Invok: Berserk           |     2 |     3 |     1 ||     6
Armor: Animal skin       |       |     4 |       ||     4
Dodge: Dodged            |     1 |     3 |     2 ||     6
